AoeStats
← baophule

Lombardia

509412839Analyzed
2v2 RM · 7d ago on Sep 26, 2026· 46m 5s· 4 players
Game mode
Random Map
Map size
Medium (4 player)
Population
200
Speed
Normal
Resources
Standard
Victory
Conquest
Starting age
Dark Age
Ending age
Imperial Age
RankedLock teamsTeams togetherTeam positionsShared explorationLock speedFull tech treeHidden civsTurbo modeCheats
Victory
Defeat
🇻🇳 Magyars · Vietnam
1151
+15
🇻🇳 Vietnamese · Vietnam
1150
+15
🇨🇳 Wei · China
1137
-15
🇨🇳 Mongols · China
1137
-15
LD
10:28 Feudal Age
18:57 Castle Age
20:20 Wheelbarrow
21:47 Loom
25:18 Fletching
33:37 Double-Bit Axe
36:22 Scale Barding Armor
36:17 Scale Mail Armor
43:53 Horse Collar
tumine
8:26 Feudal Age
7:26 Loom
9:09 Double-Bit Axe
9:21 Loom
14:21 Wheelbarrow
15:06 Horse Collar
19:48 Castle Age
20:02 Fletching
20:41 Bodkin Arrow
22:29 Padded Archer Armor
22:54 Husbandry
25:26 Scale Barding Armor
26:19 Bow Saw
26:20 Gold Mining
26:55 Forging
28:09 Bloodlines
30:22 Chain Barding Armor
31:25 Ballistics
31:25 Hand Cart
33:10 Iron Casting
32:52 Leather Archer Armor
34:32 Heavy Plow
35:28 Thumb Ring
37:12 Gold Shaft Mining
37:22 Iron Casting
39:15 Stone Mining
42:07 Imperial Age
42:27 Elite Steppe Lancer
44:24 Blast Furnace
baophule
8:36 Loom
10:43 Feudal Age
11:28 Double-Bit Axe
14:40 Fletching
24:09 Castle Age
22:48 Gold Mining
24:11 Crossbowman
25:33 Bodkin Arrow
26:10 Padded Archer Armor
26:20 Thumb Ring
27:36 Bow Saw
31:56 Stone Mining
32:31 Ballistics
37:16 Wheelbarrow
36:26 Town Watch
40:29 Imperial Age
40:04 Stone Shaft Mining
40:57 Hand Cart
41:21 Arbalester
43:33 Bracer
44:36 Chemistry
43:25 Elite Skirmisher
Phát
4:54 Loom
9:27 Feudal Age
19:00 Double-Bit Axe
22:34 Bloodlines
27:36 Castle Age
27:49 Scale Barding Armor
30:29 Wheelbarrow
30:06 Bow Saw
32:44 Chain Barding Armor
32:53 Husbandry
38:56 Hand Cart
43:42 Imperial Age
41:37 Gold Mining
43:26 Town Watch
43:23 Horse Collar
43:56 Cavalier
45:13 Plate Barding Armor
45:38 Pikeman
46:21 Scale Mail Armor
Connection lost

Rejoining the realm…

Still unreachable

The connection could not be restored.

Session expired

The server has moved on; the page needs a fresh start.